 Dungeon Crawl Stone Soup version 0.31-a0-232-gb1c03b2570 (webtiles) character file.

Game seed: 14827098222233812504

41 qw the Shooter (level 3, -2/29 HPs)
             Began as a Minotaur Hexslinger on July 7, 2023.
             Succumbed to an adder's poison
             ... on level 2 of the Dungeon.
             The game lasted 00:00:23 (1091 turns).

qw the Shooter (Minotaur Hexslinger)                Turns: 1091, Time: 00:00:24

Health: -2/29      AC:  4    Str: 12    XL:     3   Next: 32%
Magic:  3/3        EV: 12    Int: 10    God:
Gold:   95         SH:  0    Dex: 14    Spells: 3/4 levels left

rFire   . . .        Y - +1 sling
rCold   . . .        (no shield)
rNeg    . . .        g - +0 leather armour
rPois   .            (helmet restricted)
rElec   .            (no cloak)
rCorr   .            (no gloves)
SInv    .            h - +0 pair of boots
Will    .....        (no amulet)
Stlth   +            (no ring)
HPRegen 0.24/turn    (no ring)
MPRegen 0.08/turn

%: no passive effects
@: lethally poisoned (-2 -> -8)
A: horns 2, retaliatory headbutt
a: no special abilities


You were on level 2 of the Dungeon.
You visited 1 branch of the dungeon, and saw 2 of its levels.

You collected 95 gold pieces.


Innate Abilities, Weirdness & Mutations

You have a pair of horns on your head.
You reflexively headbutt those who attack you in melee.


   Skills:
 - Level 2.0 Fighting
 + Level 3.9 Ranged Weapons
 - Level 2.1 Dodging
 - Level 1.0 Spellcasting
 - Level 2.0 Hexes


You had 3 spell levels left.
You knew the following spells:

 Your Spells              Type           Power      Damage    Failure   Level
a - Slow                  Hex            16%        N/A       19%         1

Your spell library contained the following spells:

 Spells                   Type           Power      Damage    Failure   Level
 Inner Flame              Hex/Fire       2%         N/A       65%         3
 Portal Projectile        Hex/Tloc       4%         N/A       65%         3
 Cause Fear               Hex            2%         N/A       88%         4

Inventory:

Hand Weapons
 Y - a +1 sling (weapon)
Armour
 g - a +0 leather armour (worn)
 h - a +0 pair of boots (worn)
Jewellery
 a - a +6 ring of strength
Potions
 d - a potion of enlightenment {unknown}
 f - 2 potions of curing
 i - a potion of might {unknown}

Dungeon Overview and Level Annotations

Branches:
Dungeon (2/15)

Altars:


Message History

The sling bullet closely misses the adder.
The adder barely misses you. The ball python closely misses you.
The ball python misses you.
You shoot a sling bullet.
The sling bullet closely misses the adder.
The adder bites you.
You are poisoned.
The adder poisons you! The ball python bites you. The ball python grabs you.
The ball python constricts you. The adder bites you but does no damage.
You shoot a sling bullet.
The sling bullet closely misses the ball python.
You feel sick. The ball python bites you. The ball python constricts you.
The adder bites you. The ball python bites you. The ball python constricts you.
The adder barely misses you.
You shoot a sling bullet. The sling bullet hits the ball python.
The ball python is severely wounded.
You feel sick. The ball python barely misses you.
The ball python constricts you. The adder bites you but does no damage.
You shoot a sling bullet.
The sling bullet hits the ball python but does no damage.
The ball python is heavily wounded.
You feel sick. The ball python closely misses you.
The ball python constricts you. The adder bites you but does no damage.
The ball python bites you but does no damage.
The ball python constricts you. The adder misses you.
You shoot a sling bullet.
The sling bullet closely misses the ball python.
You feel sick.
You are no longer poisoned.
The ball python bites you but does no damage.
The ball python constricts you. The adder bites you.
You are lethally poisoned!
The adder poisons you! The adder bites you.
You are more poisoned.
The adder poisons you! The ball python barely misses you.
You furiously retaliate!
You headbutt the ball python.
You kill the ball python!
You shoot a sling bullet.
The sling bullet barely misses the adder.
You die...

####
#######...#.#
..
#...........#
.##
#.........#.#
...
#..........##
..#.
#..........#
###
#######....#
###..# #..#
#.@#
#.S%......
#.#.......
#.#.......
#.#.......
#.#....... #.
....... ..
####...


You could see an adder.

Vanquished Creatures
  A worm (D:2)
  A dart slug (D:1)
  3 ball pythons
  3 endoplasms (D:1)
  A giant cockroach (D:1)
  2 goblins
  5 hobgoblins (D:1)
  4 jackals (D:1)
  3 quokkas (D:1)
  A bat (D:1)
  A frilled lizard (D:1)
  2 kobolds (D:1)
  4 rats
31 creatures vanquished.

Notes
Turn   | Place    | Note
-------+----------+-------------------------------------------
     0 | D:1      | qw the Minotaur Hexslinger began the quest for the Orb.
     0 | D:1      | Reached XP level 1. HP: 16/16 MP: 1/1
     0 | D:1      | 0 ||| qw: Version: 0.3-a-46-gb1f654a
     0 | D:1      | 0 ||| qw: Game counter: 2251
     0 | D:1      | 0 ||| qw: Melee chars always use a shield: true
     0 | D:1      | 0 ||| qw: God list: Okawaru
     0 | D:1      | 0 ||| qw: Allow faded altars: false
     0 | D:1      | 0 ||| qw: Do Orc after clearing Dungeon:15 true
     0 | D:1      | 0 ||| qw: Do second Lair branch before Depths: true
     0 | D:1      | 0 ||| qw: Lair rune preference: random
     0 | D:1      | 0 ||| qw: Goals: Normal
     0 | D:1      | 0 ||| PLANNING D:1-11
   115 | D:1      | Reached skill level 3 in Ranged Weapons
   116 | D:1      | Reached XP level 2. HP: 21/23 MP: 2/2
   131 | D:1      | HP: 4/24 [kobold/+0 whip (3)]
   401 | D:1      | Reached XP level 3. HP: 29/29 MP: 3/3
   592 | D:1      | Found a faded altar of an unknown god.
   795 | D:1      | 795 ||| UPGRADING to +0 leather armour.
   805 | D:1      | 805 ||| DROPPING +0 robe.
   806 | D:1      | 806 ||| UPGRADING to +0 pair of boots.
   811 | D:1      | 811 ||| READING scroll labelled EKICKU MAREINU.
   812 | D:1      | 812 ||| DRINKING 3 puce potions.
   813 | D:1      | 813 ||| DRINKING 2 golden potions.
   814 | D:1      | 814 ||| DROPPING scroll of poison.
   815 | D:1      | 815 ||| DROPPING potion of magic.
  1087 | D:2      | HP: 7/29 [ball python (2)]
  1090 | D:2      | HP: 3/29 [constriction (1)]
  1090 | D:2      | HP: 1/29 [adder (1)]
  1091 | D:2      | Succumbed to an adder's poison

Levels and vault maps discovered:
D:1:      amcnicky_arrival_feature_with_door, layout_rooms,
          shapermc_ecumenical_altar_flowoftime, minmay_door_square,
          minmay_fountain_box, st_stairs_2
D:2:      layout_basic, basic_altar

Skill      XL: |  1  2 |
---------------+-------+-----
Ranged Weapons | 3 |  3.9
Fighting       | 2 |  2.0
Dodging        | |  2.1
Spellcasting   | |  1.0
Hexes          | |  2.0

Action                     || total
---------------------------++-------
   Fire: Sling             ||   106
    Use: Potion            ||     2
         Scroll            ||     1
 Armour: Robe              ||     8
         Leather armour    ||     8
  Dodge: Dodged            ||    59

Table legend:
 A = Non-vault XP
 B = Vault XP
 C = Vault XP percentage of total XP
 D = Non-vault monster count
 E = Vault monster count
 F = Vault count percentage of total count
                 A         B        C        D         E       F
            +---------+---------+-------+---------+---------+-------
      Total |      56 |       3 |   5.1 |      29 |       2 |   6.5
            +---------+---------+-------+---------+---------+-------
        D:1 |      44 |       3 |   6.4 |      23 |       2 |   8.0
        D:2 |      12 |       0 |   0.0 |       6 |       0 |   0.0
            +---------+---------+-------+---------+---------+-------
